 Dungeon Crawl Stone Soup version 0.22.1-1-ga44c0e5 (webtiles) character file.

205171 Skuilla the Peltast (level 18, -4/119 HPs)
             Began as a Gargoyle Fighter on Nov 9, 2018.
             Was a High Priest of Okawaru.
             Killed from afar by a starcursed mass (8 damage)
             ... with an accursed screaming
             ... on level 2 of the Abyss on Nov 11, 2018.
             The game lasted 05:54:25 (39755 turns).

Skuilla the Peltast (Gargoyle Fighter)             Turns: 39755, Time: 05:54:25

Health: -4/119     AC: 41    Str: 23    XL:     18   Next: 67%
Magic:  25/25      EV:  8    Int: 17    God:    Okawaru [*****.]
Gold:   2598       SH: 23    Dex: 14    Spells: 17/17 levels left

rFire    . . .     SeeInvis .   C - +7 whip "Taveip" {slash, Int+3}
rCold    . . .     Gourm    .   U - +0 large shield
rNeg     + . .     Faith    .   P - +3 plate armour
rPois    ∞         Spirit   .   e - +1 helmet {Int+3}
rElec    +         Reflect  .   (no cloak)
rCorr    .         Harm     .   i - +1 pair of gloves
MR       +....                  c - +1 pair of boots
Stlth    ..........             u - amulet of regeneration
HPRegen  0.69/turn              h - +2 ring of dexterity
MPRegen  0.19/turn              b - +2 ring of evasion

@: about to teleport, flying, very slightly contaminated
A: big wings, blink, negative energy resistance 1, sense surroundings 1,
screaming 1, electricity resistance, unbreathing, petrification resistance, rot
immunity, MP-powered wands, AC +13
}: 1/15 runes: decaying
a: Stop Flying, Blink, Heroism, Finesse, Renounce Religion


You were on level 2 of the Abyss.
You worshipped Okawaru.
Okawaru was extremely pleased with you.
You were not hungry.

You visited 6 branches of the dungeon, and saw 29 of its levels.
You visited the Abyss 1 time.
You also visited: Labyrinth.

You collected 2598 gold pieces.

Inventory:

Hand Weapons
 A - a +0 morningstar
 C - the +7 whip "Taveip" (weapon) {slash, Int+3}
   (You found it on level 6 of the Dungeon)

   It inflicts extra damage upon your enemies.
   It affects your intelligence (+3).
 R - a +5 mace
Missiles
 g - 11 poisoned javelins (quivered)
Armour
 c - a +1 pair of boots (worn)
 e - a +1 helmet of intelligence (worn)
 i - a +1 pair of gloves (worn)
 P - a +3 plate armour (worn)
 U - a +0 large shield (worn)
Jewellery
 b - a +2 ring of evasion (right hand)
 h - a +2 ring of dexterity (left hand)
 u - an amulet of regeneration (around neck)
 E - a +3 amulet of reflection
 N - an uncursed ring of wizardry {unknown}
 O - an uncursed ring of protection from magic {unknown}
 T - a +2 ring of slaying {unknown}
 V - a cursed -4 ring of strength {unknown}
 W - a +2 ring of protection {unknown}
 X - an uncursed ring of resist corrosion {unknown}
 Y - a cursed ring of teleportation {unknown}
Wands
 a - a wand of clouds (8)
 D - a wand of digging (30)
 F - a wand of iceblast (7)
 G - a wand of polymorph (30)
 J - a wand of scattershot (8)
 K - a wand of acid (15)
 L - a wand of paralysis (35)
Scrolls
 j - 5 scrolls of fear
 l - 12 scrolls of remove curse
 m - 2 scrolls of immolation {unknown}
 n - a scroll of fog
 o - a scroll of torment {unknown}
 p - 5 scrolls of enchant weapon
 r - 2 scrolls of teleportation
 s - 4 scrolls of magic mapping
 x - 10 scrolls of enchant armour
 y - a scroll of vulnerability {unknown}
 I - a scroll of silence
 M - 3 scrolls of identify
 Q - a scroll of brand weapon {unknown}
 Z - a scroll of blinking {unknown}
Potions
 d - 7 potions of might
 k - 3 potions of lignification
 q - a potion of mutation
 t - a potion of degeneration {unknown}
 v - 3 potions of agility
 z - 4 potions of berserk rage
 B - a potion of invisibility
 H - 4 potions of cancellation
 S - 4 potions of haste
Comestibles
 f - 9 rations


   Skills:
 + Level 15.3 Fighting
 - Level 12.2 Maces & Flails
 - Level 0.8 Throwing
 + Level 15.4 Armour
 - Level 0.3 Dodging
 - Level 1.8 Stealth
 * Level 19.4 Shields
 - Level 9.8 Invocations


You had 17 spell levels left.
You didn't know any spells.
Your spell library contained the following spells:

 Spells                   Type           Power        Failure   Level  Hunger
 Beastly Appendage        Tmut           #.....       99%         1    ##.....
 Corona                   Hex            #......      99%         1    ##.....
 Freeze                   Ice            #...         99%         1    ##.....
 Sandblast                Erth           #.....       99%         1    ##.....
 Passwall                 Tmut/Erth      #.......     99%         2    ###....
 Slow                     Hex            #.......     99%         2    ###....
 Sticks to Snakes         Tmut           #.......     99%         2    ###....
 Throw Frost              Conj/Ice       #.....       99%         2    ###....
 Inner Flame              Hex/Fire       #.......     100%        3    ####...
 Ozocubu's Armour         Chrm/Ice       #.......     100%        3    ####...
 Portal Projectile        Hex/Tloc       #.....       100%        3    ####...
 Spider Form              Tmut/Pois      #.........   100%        3    ####...
 Stone Arrow              Conj/Erth      #.....       100%        3    ####...
 Cause Fear               Hex            #.........   100%        4    #####..
 Ice Form                 Ice/Tmut       #.......     100%        4    #####..
 Leda's Liquefaction      Hex/Erth       #.........   100%        4    #####..
 Petrify                  Tmut/Erth      #.......     100%        4    #####..
 Summon Ice Beast         Ice/Summ       #.......     100%        4    #####..
 Throw Icicle             Conj/Ice       #.......     100%        4    #####..
 Blade Hands              Tmut           #.........   100%        5    ######.
 Lee's Rapid Deconstruct  Erth           #.........   100%        5    ######.


Dungeon Overview and Level Annotations

Branches:
Dungeon (15/15)            Temple (1/1) D:7            Lair (6/6) D:11
  Swamp (4/4) Lair:4       Spider (1/4) Lair:4        Slime (0/5) Lair:6
    Orc (2/2) D:9          Vaults (0/5) D:13         Depths (0/5) D:15
    Elf: Orc:2

Altars:
Ashenzari
Cheibriados
Dithmenos
Elyvilon
Fedhas
Gozag
Hepliaklqana
Kikubaaqudgha
Makhleb
Nemelex Xobeh
Okawaru
Qazlal
Ru
Sif Muna
Trog
Uskayaw
Vehumet
Wu Jian
Xom
Yredelemnul
Zin
The Shining One
Beogh
Jiyva

Shops:
D:15 ?   Orc:1 *   Orc:2 (

Annotations:
D:5 1 runed door, Razmath's ghost, novice TeAE
Lair:4 exclusion: 4 oklob plants
Lair:6 exclusion: oklob plant
Swamp:4 exclusion: ice statue
Spider:1 Louise
Orc:2 Saint Roka


Innate Abilities, Weirdness & Mutations

You are resistant to torment.
Your stone body is resilient. (AC +13)
You are immune to poison.
Your large and strong wings let you fly indefinitely.
You resist negative energy. (rN+)
You are resistant to electric shocks. (rElec)
You can survive without breathing.
You are immune to petrification.
You are immune to rotting.
You can translocate small distances at will.
You passively map a small area around you.
You occasionally shout uncontrollably at your foes.
You expend magic power (3 MP) to strengthen your wands.


Message History

You hit the iron dragon skeleton but do no damage.
The iron dragon skeleton is almost destroyed.
The starcursed mass shrieks in your mind.
* * * LOW HITPOINT WARNING * * *
You hit the iron dragon skeleton.
The iron dragon skeleton is almost destroyed.
You hit the iron dragon skeleton.
You destroy the iron dragon skeleton!
Okawaru accepts your kill. A chorus of shrieks assaults your mind.
* * * LOW HITPOINT WARNING * * *
You flicker back into view.
The starcursed mass shrieks in your mind.
* * * LOW HITPOINT WARNING * * *
A small abomination comes into view.
Unknown command.
A large abomination comes into view.
You block the small abomination's attack.
A chorus of shrieks assaults your mind.
You die...

. . . .###. . .
## ....# . # #
..#. # #. ...
.. .## . .. ..#
.# . ...
##.###.# .#.
... #
#....#.#.. . #
#.X..###.# (..
# .
#.....§@X###X#.
# .##...#.x##.
. # #...
#.#.X.#. # ....
#...#.#.# # #
#.# ##...#.##X
# ###. #.# # ##
##


You could see 2 starcursed masses, a large abomination and a small abomination.

Vanquished Creatures
  4 thorn hunters
  Azrael (D:15)
  A minotaur (Lab)
  An ettin (D:15)
  A catoblepas (Lair:6)
  A ghost crab (Swamp:3)
  8 vault guards (D:13)
  19 hydras
  2 centaur warriors
  8 two-headed ogres (D:15)
  An ogre mage (D:15)
  A tengu warrior (D:15)
  9 alligators
  A deep troll shaman (Lair:6)
  4 death yaks (Lair:6)
  An orc high priest (Orc:2)
  An unseen horror (D:14)
  8 swamp dragons
  5 shambling mangroves
  A deep troll (D:15)
  A spriggan druid (Swamp:3)
  A lindwurm (Lair:6)
  A deep elf mage (D:15)
  2 orc knights
  2 wolf spiders
  2 manticores
  An orc sorcerer (D:15)
  4 cyclopes
  An iron dragon skeleton (Abyss:2)
  A salamander (Abyss:2)
  A salamander (shapeshifter) (D:15)
  4 elephants (Lair:6)
  8 ugly things
  5 black mambas
  A centaur zombie (D:14)
  A naga mage (Abyss:2)
  15 spiny frogs
  A hellion (Abyss:2)
  9 komodo dragons
  An efreet (D:13)
  2 kobold demonologists
  7 rime drakes
  A freezing wraith (D:15)
  A harpy zombie (D:13)
  2 polar bears (Lair:6)
  10 trolls
  6 tyrant leeches
  15 hornets
  22 blink frogs
  15 slime creatures
  13 hippogriffs
  7 bog bodies
  10 dream sheep
  3 shadows
  A large abomination (Abyss:2)
  3 redbacks
  7 spriggans
  50 yaks
  A basilisk (D:15)
  2 wraiths
  3 wyverns
  4 fire elementals (D:15)
  A hog (shapeshifter) (D:15)
  4 hungry ghosts
  A steam dragon (D:12)
  10 vampire mosquitoes
  A small abomination (Abyss:2)
  17 swamp worms
  A harpy simulacrum (D:15)
  4 wargs
  A naga (Abyss:2)
  9 water moccasins
  19 insubstantial wisps
  A soldier ant (D:15)
  Duvessa (D:4)
  3 hell hounds (D:15)
  4 porcupines
  3 sky beasts
  14 swamp drakes
  2 eyes of draining
  34 orc warriors
  3 black bears
  5 ice beasts
  7 ogres
  2 phantoms
  18 wolves
  2 centaurs
  14 crocodiles
  4 big kobolds
  A gnoll sergeant (D:9)
  15 bullfrogs
  Dowan (D:4)
  A hornet simulacrum (D:15)
  2 scorpions
  10 killer bees
  19 wights
  A howler monkey (D:5)
  3 electric eels
  4 crimson imps
  A quasit (Abyss:2)
  7 starcursed masses (Abyss:2)
  3 bullfrog zombies
  4 hounds
  9 jellies
  18 orc priests
  A gnoll shaman (D:7)
  2 bullfrog skeletons
  7 centaur skeletons
  4 iguanas
  5 worker ants
  26 orc wizards
  7 hell rats (Lair:6)
  A killer bee zombie (D:6)
  3 hound skeletons
  A worker ant zombie (D:10)
  9 gnolls
  9 adders
  8 shadow imps
  An ooze (D:6)
  An adder skeleton (D:5)
  2 worms
  4 dart slugs
  3 leopard geckos
  75 orcs
  7 giant cockroaches
  11 goblins
  2 hobgoblins
  17 jackals
  27 kobolds
  6 quokkas
  A ball python (D:1)
  9 bats
  4 frilled lizards
  A jackal skeleton (D:5)
  A jackal zombie (D:5)
  2 quokka zombies
  6 rats
  A rat zombie (D:4)
  A briar patch (Swamp:3)
  2 fungi
  5 plants
881 creatures vanquished.

Vanquished Creatures (others)
  Nessos (Orc:2)
  2 alligators (Swamp:1)
  2 centaur warriors (D:15)
  A cyclops (D:15)
  A spiny frog (Swamp:3)
  A hornet (Swamp:2)
  5 dream sheep (Lair:3)
  An orc warrior (Orc:1)
  A centaur (D:14)
  A gnoll (D:9)
  An orc (Orc:2)
  A kobold (D:11)
  7 briar patches
  A bush (Lair:6)
  27 fungi
  22 plants
  4 toadstools (Swamp:1)
79 creatures vanquished.

Grand Total: 960 creatures vanquished

Notes
Turn   | Place    | Note
-------+----------+-------------------------------------------
     0 | D:1      | Skuilla the Gargoyle Fighter began the quest for the Orb.
     0 | D:1      | Reached XP level 1. HP: 14/14 MP: 1/1
    82 | D:1      | Reached XP level 2. HP: 14/19 MP: 2/2
   566 | D:1      | Reached XP level 3. HP: 20/23 MP: 3/3
  1127 | D:2      | Reached skill level 4 in Shields
  1547 | D:2      | Found a faded altar of an unknown god.
  1574 | D:2      | Reached XP level 4. HP: 27/28 MP: 4/4
  2280 | D:3      | Reached XP level 5. HP: 33/33 MP: 5/5
  2464 | D:3      | Found a hazy altar of Hepliaklqana.
  2464 | D:3      | Found a shattered altar of Ashenzari.
  2464 | D:3      | Found a sparkling altar of Nemelex Xobeh.
  2464 | D:3      | Found a shadowy altar of Dithmenos.
  2479 | D:3      | Found a deep blue altar of Sif Muna.
  2479 | D:3      | Found a white marble altar of Elyvilon.
  2789 | D:4      | Noticed Duvessa
  2792 | D:4      | Noticed Dowan
  2823 | D:4      | Killed Duvessa
  2823 | D:4      | Reached XP level 6. HP: 25/38 MP: 6/6
  2829 | D:4      | Killed Dowan
  3261 | D:4      | Found a glowing golden altar of the Shining One.
  3695 | D:5      | Entered Level 5 of the Dungeon
  3695 | D:5      | Noticed a phantom
  3720 | D:5      | Killed a phantom
  3720 | D:5      | Reached skill level 5 in Maces & Flails
  3767 | D:5      | Gained mutation: You expend magic power (3 MP) to
                  | strengthen your wands. [potion of mutation]
  3767 | D:5      | Gained mutation: You can translocate small distances at
                  | will. [potion of mutation]
  3767 | D:5      | Gained mutation: You occasionally shout uncontrollably at
                  | your foes. [potion of mutation]
  3767 | D:5      | Gained mutation: You passively map a small area around you.
                  | [potion of mutation]
  3839 | D:5      | Reached XP level 7. HP: 43/43 MP: 7/7
  3916 | D:5      | Found a runed door.
  3963 | D:5      | Reached skill level 1 in Stealth
  4390 | D:5      | Reached skill level 5 in Shields
  4478 | D:5      | Found a snail-covered altar of Cheibriados.
  4940 | D:5      | Noticed Razmath's ghost (novice TeAE)
  5236 | D:6      | Found an ornate altar of the Wu Jian Council.
  5236 | D:6      | Found a blossoming altar of Fedhas.
  5409 | D:6      | Reached XP level 8. HP: 43/48 MP: 8/8
  5758 | D:6      | Reached skill level 5 in Armour
  6137 | D:6      | Got a translucent whip
  6140 | D:6      | Identified the +7 whip "Taveip" {slash, Int+3} (You found
                  | it on level 6 of the Dungeon)
  6477 | D:7      | Reached skill level 6 in Shields
  6498 | D:7      | Found a staircase to the Ecumenical Temple.
  6521 | Temple   | Entered the Ecumenical Temple
  6659 | Temple   | Became a worshipper of Warmaster Okawaru
  6948 | D:7      | Reached skill level 1 in Invocations
  7325 | D:7      | Reached XP level 9. HP: 53/53 MP: 10/10
  7401 | D:7      | Reached * piety under Okawaru
  7401 | D:7      | Reached skill level 5 in Fighting
  8913 | D:8      | Noticed a troll
  8924 | D:8      | Killed a troll
  8924 | D:8      | Reached ** piety under Okawaru
  8924 | D:8      | Reached skill level 7 in Shields
  8924 | D:8      | Reached skill level 5 in Invocations
  9198 | D:9      | Reached XP level 10. HP: 57/60 MP: 10/13
  9565 | D:9      | Found a burning altar of Makhleb.
  9565 | D:9      | Found a radiant altar of Vehumet.
  9985 | D:9      | Found a staircase to the Orcish Mines.
 10462 | D:10     | Entered Level 10 of the Dungeon
 10482 | D:10     | Noticed a cyclops
 10509 | D:10     | Killed a cyclops
 10509 | D:10     | Reached *** piety under Okawaru
 11083 | D:10     | Reached skill level 10 in Maces & Flails
 11401 | D:10     | Reached **** piety under Okawaru
 11578 | D:10     | Reached skill level 8 in Shields
 11585 | D:10     | Reached XP level 11. HP: 36/67 MP: 14/16
 12461 | D:11     | Found a staircase to the Lair.
 12813 | D:11     | Noticed a cyan ugly thing
 12826 | D:11     | Killed a cyan ugly thing
 13416 | Lair:1   | Entered Level 1 of the Lair of Beasts
 13458 | Lair:1   | Reached ***** piety under Okawaru
 13713 | Lair:1   | Found a dark tunnel.
 14602 | Lair:2   | Found a labyrinth entrance.
 14657 | Lab      | Entered a labyrinth
 14972 | Lab      | Noticed a minotaur
 14986 | Lab      | Killed a minotaur
 14986 | Lab      | Reached skill level 9 in Shields
 15050 | Lair:2   | Noticed an eight-headed hydra
 15065 | Lair:2   | Killed an eight-headed hydra
 15065 | Lair:2   | Reached XP level 12. HP: 59/74 MP: 11/18
 15302 | Lair:2   | Received a gift from Okawaru
 17063 | Lair:3   | Found a shimmering altar of Xom.
 17159 | Lair:3   | Received a gift from Okawaru
 17851 | Lair:3   | Noticed a six-headed hydra
 17864 | Lair:3   | Killed a six-headed hydra
 17864 | Lair:3   | Received a gift from Okawaru
 18516 | Lair:4   | Reached skill level 10 in Shields
 18982 | Lair:4   | Found a staircase to the Swamp.
 19078 | Lair:4   | Noticed a five-headed hydra
 19093 | Lair:4   | Killed a five-headed hydra
 19093 | Lair:4   | Received a gift from Okawaru
 19101 | Lair:4   | Found a basalt altar of Yredelemnul.
 19143 | Lair:4   | Reached XP level 13. HP: 81/81 MP: 20/20
 19579 | Lair:4   | HP: 4/81 [acid (12)]
 19957 | Lair:4   | Reached skill level 10 in Armour
 20001 | Lair:4   | Found a hole to the Spider Nest.
 20419 | Lair:5   | Reached skill level 11 in Shields
 20458 | Lair:5   | Reached skill level 10 in Fighting
 20999 | Lair:5   | Received a gift from Okawaru
 21796 | Lair:6   | Entered Level 6 of the Lair of Beasts
 21929 | Lair:6   | Found a staircase to the Slime Pits.
 21930 | Lair:6   | Found a viscous altar of Jiyva.
 22079 | Lair:6   | Reached skill level 12 in Shields
 22325 | Lair:6   | Received a gift from Okawaru
 23273 | Lair:6   | Reached skill level 13 in Shields
 23356 | Lair:6   | Gained mutation: Your large and strong wings let you fly
                  | indefinitely. [Gargoyle growth]
 23356 | Lair:6   | Reached XP level 14. HP: 80/90 MP: 21/21
 25401 | D:13     | Found a gate to the Vaults.
 25421 | D:13     | Reached skill level 14 in Shields
 25955 | D:13     | Reached ****** piety under Okawaru
 26253 | D:13     | Received a gift from Okawaru
 26961 | D:14     | Reached skill level 15 in Shields
 28005 | D:15     | Entered Level 15 of the Dungeon
 28035 | D:15     | Reached XP level 15. HP: 89/97 MP: 22/22
 28098 | D:15     | Found a staircase to the Depths.
 28524 | D:15     | Noticed Azrael
 28554 | D:15     | Killed Azrael
 28612 | D:15     | Reached skill level 16 in Shields
 28612 | D:15     | Reached XP level 16. HP: 102/104 MP: 23/23
 28613 | D:15     | Reached XP level 17. HP: 107/109 MP: 24/24
 28704 | D:15     | Received a gift from Okawaru
 29145 | D:15     | Reached skill level 17 in Shields
 29294 | D:15     | Found Tomadyr's Magic Scroll Shoppe.
 30586 | Orc:1    | Entered Level 1 of the Orcish Mines
 30698 | Orc:1    | Found Hush's Assorted Antiques.
 30829 | Orc:1    | Found a roughly hewn altar of Beogh.
 31246 | Orc:2    | Entered Level 2 of the Orcish Mines
 31287 | Orc:2    | Found a roughly hewn altar of Beogh.
 31336 | Orc:2    | Found a roughly hewn altar of Beogh.
 31337 | Orc:2    | Found Xoim's Weapon Shop.
 31632 | Orc:2    | Found a roughly hewn altar of Beogh.
 32038 | Orc:2    | Noticed Saint Roka
 32305 | Orc:2    | Noticed Nessos
 32318 | Orc:2    | Killed Nessos
 32513 | Orc:2    | Found a roughly hewn altar of Beogh.
 33076 | Swamp:1  | Entered Level 1 of the Swamp
 33556 | Swamp:1  | Received a gift from Okawaru
 34591 | Swamp:2  | Reached skill level 18 in Shields
 34862 | Swamp:2  | Reached XP level 18. HP: 117/117 MP: 25/25
 37358 | Swamp:4  | Entered Level 4 of the Swamp
 37412 | Swamp:4  | Reached skill level 15 in Armour
 37634 | Swamp:4  | Received a gift from Okawaru
 37659 | Swamp:4  | Reached skill level 15 in Fighting
 37711 | Swamp:4  | Got an encrusted demon blade {god gift}
 37729 | Swamp:4  | Identified the +2 demon blade of Okawaru's Pride {vamp,
                  | rElec} (Okawaru gifted it to you on level 4 of the Swamp)
 37801 | Swamp:4  | Reached skill level 19 in Shields
 38094 | Swamp:4  | Found a frozen archway.
 38882 | Swamp:4  | Got a decaying rune of Zot
 39285 | Spider:1 | Entered Level 1 of the Spider Nest
 39285 | Spider:1 | Noticed Louise
 39331 | Spider:1 | Cast into level 2 of the Abyss (Louise)
 39406 | Abyss:2  | Paralysed by accursed screaming for 1 turns
 39411 | Abyss:2  | Paralysed by accursed screaming for 2 turns
 39416 | Abyss:2  | Paralysed by accursed screaming for 2 turns
 39750 | Abyss:2  | HP: 5/119 [starcursed mass/accursed screaming (9)]
 39751 | Abyss:2  | HP: 1/119 [starcursed mass/accursed screaming (5)]
 39755 | Abyss:2  | Killed from afar by a starcursed mass

Skill      XL: |  1  2  3  4  5  6  7  8  9 10 11 12 13 14 15 16 17 18 |
---------------+-------------------------------------------------------+-----
Shields        | 4 5 6 7 8 9 10 13 15 16 18 19 | 19.4
Maces & Flails | 3 4 5 6 8 9 10 11 12 | 12.2
Armour         | 4 5 6 7 8 9 11 12 13 14 15 | 15.4
Fighting       | 4 5 7 8 9 11 12 13 14 15 | 15.3
Stealth        | 1 |  1.8
Invocations    | 2 5 7 9 |  9.8
Throwing       | |  0.8
Dodging        | |  0.3

Action                   |  1- 3 |  4- 6 |  7- 9 | 10-12 | 13-15 | 16-18 || total
-------------------------+-------+-------+-------+-------+-------+-------++-------
Melee: Flail             |   172 |   156 |   167 |       |       |       ||   495
       Whip              |       |       |   229 |   929 |  1566 |  2514 ||  5238
Throw: Javelin           |     2 |     4 |    25 |    23 |    18 |     5 ||    77
Invok: Heroism           |       |       |     3 |    13 |     9 |    10 ||    35
       Finesse           |       |       |       |     4 |     8 |     9 ||    21
 Abil: Fly               |       |       |       |       |     1 |       ||     1
  Use: Scroll            |     1 |     6 |     8 |    13 |    16 |     8 ||    52
       Potion            |       |     2 |     1 |     1 |     6 |    10 ||    20
 Stab: Invisible         |       |       |       |       |       |     3 ||     3
  Eat: Chunk             |     2 |     4 |     3 |     9 |    12 |     3 ||    33
       Ration            |       |     1 |     5 |     7 |     6 |    11 ||    30
Armor: Scale mail        |   133 |    76 |   230 |    89 |       |       ||   528
       Plate armour      |       |       |       |   196 |   475 |  1006 ||  1677
Dodge: Dodged            |    69 |    49 |   137 |   127 |   128 |   367 ||   877
Block: Shield            |   119 |    93 |   219 |   416 |       |       ||   847
       Reflection        |       |       |       |     9 |    18 |    33 ||    60
       Large shield      |       |       |       |   121 |  1246 |  2163 ||  3530
